 Dungeon Crawl Stone Soup version 0.28-a0-268-g3f656e82c2 (webtiles) character file.

Game seed: 10240759093446415092

117 McIrco the Covered (level 4, -3/41 HPs)
             Began as a Minotaur Fighter on Aug 28, 2021.
             Slain by an iguana (5 damage)
             ... on level 3 of the Dungeon.
             The game lasted 00:01:30 (2282 turns).

McIrco the Covered (Minotaur Fighter)               Turns: 2282, Time: 00:01:30

Health: -3/41      AC:  7    Str: 22    XL:     4   Next: 71%
Magic:  3/3        EV:  8    Int:  5    God:
Gold:   129        SH:  8    Dex:  9    Spells: 3/3 levels left

rFire   . . .      SeeInvis .   a - +0 war axe
rCold   . . .      Faith    .   c - +0 kite shield
rNeg    . . .      Spirit   .   b - +0 scale mail
rPois   .          Reflect  .   (helmet restricted)
rElec   .          Harm     .   (no cloak)
rCorr   .          Rampage  .   (no gloves)
Will    .....                   (no boots)
Stlth   ..........              (no amulet)
HPRegen 0.13/turn               (no ring)
MPRegen 0.08/turn               (no ring)

@: mighty
A: horns 2, retaliatory headbutt
a: no special abilities


You were on level 3 of the Dungeon.
You visited 1 branch of the dungeon, and saw 3 of its levels.

You collected 129 gold pieces.

Inventory:

Hand Weapons
 a - a +0 war axe (weapon)
Armour
 b - a +0 scale mail (worn)
 c - a +0 kite shield (worn)
 e - a +0 chain mail of positive energy
Scrolls
 f - a scroll of enchant weapon {unknown}
 g - 2 scrolls of teleportation {unknown}
 h - a scroll of acquirement {unknown}
 i - a scroll of holy word {unknown}
 j - a scroll of fear {unknown}
 k - a scroll of enchant armour {unknown}
 l - a scroll of identify {unknown}
 m - a scroll of vulnerability {unknown}
 n - a scroll of fog {unknown}


   Skills:
 + Level 4.3 Fighting
 - Level 2.4 Axes
 + Level 5.1 Armour
 + Level 0.7 Dodging
 + Level 4.8 Shields


You had 3 spell levels left.
You didn't know any spells.
Your spell library contained the following spells:

 Spells                   Type           Power      Damage    Failure   Level
 Animate Skeleton         Necr           0%         N/A       99%         1
 Pain                     Necr           0%         1d4       99%         1
 Vampiric Draining        Necr           0%         2d6       100%        3


Dungeon Overview and Level Annotations

Branches:
Dungeon (3/15)

Altars:
Trog


Innate Abilities, Weirdness & Mutations

You have a pair of horns on your head.
You reflexively headbutt those who attack you in melee.


Message History

The jackal is almost dead.
The jackal closely misses you.
The jackal bites you but does no damage. x2
You closely miss the jackal. Your headbutt misses the jackal.
The jackal is almost dead.
The jackal bites you but does no damage.
The jackal bites you.
You hit the jackal.
You kill the jackal!
The gnoll barely misses you.
You hit the gnoll.
The gnoll is heavily wounded.
The gnoll hits you but does no damage. The gnoll hits you with a +0 club.
Unknown command.
You slash the gnoll!
You kill the gnoll!
You hit the iguana but do no damage. You headbutt the iguana!
The iguana is severely wounded.
The iguana bites you. The iguana bites you!
You are too injured to fight recklessly!
You are too injured to fight recklessly!
Unknown command.
You are too injured to fight recklessly!
Okay, then.
You feel very mighty all of a sudden. The iguana bites you!
* * * LOW HITPOINT WARNING * * *
You are too injured to fight recklessly!
You are too injured to fight recklessly!
You are too injured to fight recklessly!
Unknown command.
You barely miss the iguana.
The iguana is severely wounded.
You block the iguana's attack.
You closely miss the iguana.
The iguana is severely wounded.
The iguana bites you.
* * * LOW HITPOINT WARNING * * *
The iguana bites you.
You die...

+. .. #. .#.#####+
#h ........ +.
....... #.
###.###.. ###+##.
...[##..
.......############
#..##..
......)'hghl@.....#
#...#.#
.......##########.#
#<#.#.# ....... #.#
###.... ....... #.#
#...# ....... #.#
#...# ....... #.#
#.... .......
#.#######..#.
.......
#######..........+.
........#######..#.


You could see an iguana, a gnoll and 2 jackals.

Vanquished Creatures
  5 adders
  2 gnolls (D:3)
  A worm (D:2)
  An orc (D:3)
  8 endoplasms
  2 giant cockroaches (D:2)
  2 goblins
  4 hobgoblins
  5 jackals
  A quokka (D:2)
  4 ball pythons
  5 bats
  A frilled lizard (D:3)
  3 kobolds
  3 rats
47 creatures vanquished.

Notes
Turn   | Place    | Note
-------+----------+-------------------------------------------
     0 | D:1      | McIrco the Minotaur Fighter began the quest for the Orb.
     0 | D:1      | Reached XP level 1. HP: 19/19 MP: 0/0
   202 | D:1      | Reached skill level 4 in Armour
   205 | D:1      | Reached XP level 2. HP: 21/27 MP: 1/1
  1073 | D:2      | Reached XP level 3. HP: 33/33 MP: 2/2
  1317 | D:2      | Found a bloodstained altar of Trog.
  1711 | D:3      | Reached XP level 4. HP: 40/40 MP: 3/3
  1930 | D:3      | Reached skill level 5 in Armour
  2095 | D:3      | Found a faded altar of an unknown god.
  2282 | D:3      | HP: 2/41 [iguana (5)]
  2282 | D:3      | Slain by an iguana

Illustrated notes

Levels and vault maps discovered:
D:1:      lemuel_arrival_room, layout_loops_ring, chequers_jeans
D:2:      minmay_alternating_diamond, layout_basic, basic_altar
D:3:      layout_basic, hellmonk_ecumenical_altar_inner_sanctum

Skill      XL: |  1  2  3  4 |
---------------+-------------+-----
Armour         | 4 5 |  5.1
Shields        | 4 |  4.8
Fighting       | 4 |  4.3
Axes           | |  2.4
Dodging        | |  0.7

Action                   |  1- 3 |  4- 6 || total
-------------------------+-------+-------++-------
Melee: War axe           |    69 |    58 ||   127
       Headbutt          |     6 |     4 ||    10
  Use: Potion            |       |     1 ||     1
Armor: Scale mail        |    30 |    44 ||    74
Dodge: Dodged            |    37 |    26 ||    63
Block: Kite shield       |    30 |    33 ||    63

Table legend: (Time is in decaauts)
 A = Elapsed time spent in this place.
 B = Non-inter-level travel time spent in this place.
 C = Inter-level travel time spent in this place.
 D = Time resting spent in this place.
 E = Time spent auto-exploring this place.
 F = Levels seen in this place.
 G = Mean time per level.
                   A        B        C        D        E       F      G
               +--------+--------+--------+--------+--------+-----+--------+
         Total |   2355 |   2309 |     46 |      0 |   1958 |   3 |  785.0 |
       Dungeon |   2355 |   2309 |     46 |      0 |   1958 |   3 |  785.0 |
               +--------+--------+--------+--------+--------+-----+--------+

Top non-repeatable levels by time:
     D:1: 1054 daAuts
     D:3: 662 daAuts
     D:2: 638 daAuts
